 Dungeon Crawl Stone Soup version 0.23-a0-241-g3b46b07 (webtiles) character file.

9194 galech the Cleaver (level 11, -2/84 HPs)
             Began as a Demonspawn Fighter on Sept 27, 2018.
             Was a High Priest of Okawaru.
             Slain by a manticore (6 damage)
             ... on level 11 of the Dungeon.
             The game lasted 00:15:15 (10926 turns).

galech the Cleaver (Demonspawn Fighter)            Turns: 10926, Time: 00:15:16

Health: -2/84      AC: 15    Str: 16    XL:     11   Next: 19%
Magic:  0/11       EV: 17    Int:  9    God:    Okawaru [*****.]
Gold:   531        SH:  9    Dex: 17    Spells: 10/10 levels left

rFire    + . .     SeeInvis +   S - +4 hand axe
rCold    . . .     Gourm    .   w - +2 buckler
rNeg     . . .     Faith    .   H - +1 ring mail {MR+}
rPois    .         Spirit   +   r - +0 helmet
rElec    .         Reflect  .   y - +1 cloak
rCorr    .         Harm     .   (no gloves)
MR       +....                  (no boots)
Stlth    ++++......             (no amulet)
HPRegen  0.24/turn              h - ring of protection from fire
MPRegen  0.24/turn              k - ring of see invisible

@: heroism
A: icy blue scales 2, demonic guardian 1, magic shield, magic regeneration
a: Heroism, Finesse, Renounce Religion


You were on level 11 of the Dungeon.
You worshipped Okawaru.
Okawaru was extremely pleased with you.
You were hungry.

You visited 2 branches of the dungeon, and saw 12 of its levels.
You also visited: Sewer.

You collected 788 gold pieces.
You spent 257 gold pieces at shops.

Inventory:

Hand Weapons
 N - a +0 war axe of electrocution
 S - a +4 hand axe (weapon)
Armour
 c - a +0 shield
 g - a +0 plate armour
 r - a +0 helmet (worn)
 w - a +2 buckler (worn)
 y - a +1 cloak (worn)
 D - the +2 robe "Guuneodo" {Str+4}
   (You found it on level 5 of the Dungeon)

   It affects your strength (+4).
 H - a +1 ring mail of magic resistance (worn)
Jewellery
 h - a ring of protection from fire (left hand)
 i - an uncursed ring of stealth
 k - a ring of see invisible (right hand)
 G - an uncursed ring of resist corrosion
 Q - a +4 ring of intelligence {unknown}
Wands
 q - a wand of random effects (96)
 t - a wand of enslavement (7)
 E - a wand of iceblast (7)
 I - a wand of clouds (4)
 K - a wand of polymorph (18)
Scrolls
 a - 2 scrolls of blinking
 e - a scroll of noise
 l - 4 scrolls of remove curse
 m - 8 scrolls of teleportation
 p - 2 scrolls of fear
 z - 4 scrolls of identify
 A - a scroll of fog
 F - 3 scrolls of magic mapping
 J - a scroll of brand weapon {unknown}
 M - 2 scrolls of enchant armour {unknown}
 O - a scroll of enchant weapon {unknown}
 R - 2 scrolls of silence {unknown}
Potions
 b - a potion of haste {unknown}
 d - 4 potions of might
 j - a potion of lignification
 n - 3 potions of brilliance {unknown}
 o - 3 potions of ambrosia {unknown}
 s - 6 potions of curing {unknown}
 u - 3 potions of flight {unknown}
 v - a potion of resistance {unknown}
 x - 5 potions of heal wounds {unknown}
 B - a potion of mutation {unknown}
 C - 2 potions of invisibility {unknown}
 L - 2 potions of agility {unknown}
 T - a potion of berserk rage {unknown}
Comestibles
 f - 21 rations


   Skills:
 + Level 7.3(12.3) Fighting
 + Level 11.4(16.4) Axes
 + Level 5.5(10.5) Armour
 + Level 4.5(9.5) Dodging
 + Level 3.9(8.9) Stealth
 + Level 6.1(11.1) Shields
 + Level 1.2 Invocations


You had 10 spell levels left.
You didn't know any spells.
Your spell library contained the following spells:

 Spells                   Type           Power        Failure   Level  Hunger
 Confusing Touch          Hex            #.....       56%         1    ##.....
 Magic Dart               Conj           #...         56%         1    ##.....
 Confuse                  Hex            #.......     90%         3    ####...
 Gell's Gravitas          Tloc           #.........   90%         3    ####...
 Petrify                  Tmut/Erth      #.......     100%        4    #####..
 Metabolic Englaciation   Hex/Ice        #.........   100%        5    ######.
 Yara's Violent Unravell  Hex/Tmut       #.........   100%        5    ######.


Dungeon Overview and Level Annotations

Branches:
Dungeon (11/15)            Temple (1/1) D:6            Lair (0/6) D:8
    Orc (0/2) D:11

Altars:
Ashenzari
Dithmenos
Elyvilon
Fedhas
Hepliaklqana
Kikubaaqudgha
Makhleb
Nemelex Xobeh
Okawaru
Ru
Sif Muna
Trog
Uskayaw
Vehumet
Wu Jian
Xom
Yredelemnul
Zin
The Shining One

Shops:
D:6 *((*%   D:9 [

Annotations:
D:9 1 runed door, TheNamelessOne's ghost, novice SpCj


Innate Abilities, Weirdness & Mutations

You are mostly covered in icy blue scales. (AC +3)
A weak demonic guardian rushes to your aid.
When hurt, damage is shared between your health and your magic reserves.
You regenerate magic rapidly.


Message History

You slash the manticore!
The manticore is moderately wounded.
You slash the manticore!
The manticore is severely wounded.
The manticore bites you!
* * * LOW HITPOINT WARNING * * *
The manticore claws you but does no damage.
You block the manticore's attack.
You slash the manticore!
The manticore is almost dead.
The manticore completely misses you. The manticore closely misses you.
The manticore barely misses you.
You barely miss the manticore.
The manticore is almost dead.
You barely miss the manticore.
The manticore is almost dead.
The manticore bites you!!
* * * LOW HITPOINT WARNING * * *
The manticore claws you!
You die...

...
#.#.########
###
#.#.......#
##..........
#..........#
##.##.......#
#..##.......#
##.###.......#
#5.# #.......#
##@##
#.......# #.H#
....... ##.###
#..≈≈#
#.≈≈≈≈≈≈≈≈≈ #
#..≈#≈≈##≈#≈ .
#...≈####
#.≈.## #..≈.


You could see a manticore and a friendly shadow imp.

Vanquished Creatures
  2 two-headed ogres
  Joseph (D:7)
  A gargoyle (D:10)
  The ghost of namelastname112 the Skirmisher, an amateur DrWn (D:4)
  A troll (D:9)
  A human (D:8)
  6 yaks (D:8)
  3 water elementals (D:11)
  3 hogs (D:8)
  A hungry ghost (D:8)
  A water moccasin (D:10)
  3 orc warriors
  An ice beast (D:9)
  A phantom (D:8)
  An ogre (D:9)
  3 necrophages (D:8)
  2 sky beasts
  7 centaurs
  A crocodile (D:9)
  A gnoll sergeant (D:7)
  3 bullfrogs
  4 scorpions
  2 killer bees (D:7)
  An electric eel (D:11)
  A howler monkey (D:6)
  4 crimson imps
  3 centaur zombies
  A quasit (D:7)
  5 bullfrog zombies
  7 orc priests
  A jelly (D:5)
  3 hounds
  2 bullfrog skeletons
  2 centaur skeletons
  5 orc wizards
  Ijyb (D:4)
  Natasha (D:3)
  11 worker ants
  A hound zombie (D:8)
  A hound skeleton (D:7)
  A worker ant zombie (D:8)
  3 gnolls (D:7)
  9 adders
  4 river rats
  6 shadow imps
  An adder zombie (D:6)
  2 adder skeletons
  A worm (D:4)
  4 leopard geckos
  31 orcs
  4 ball pythons
  2 giant cockroaches
  5 goblins
  10 hobgoblins
  6 jackals
  2 kobolds (D:1)
  2 quokkas
  2 bats
  10 frilled lizards
  A leopard gecko skeleton (D:8)
  A quokka zombie (D:8)
  8 rats
  3 bushes (D:8)
  5 plants (D:8)
223 creatures vanquished.

Vanquished Creatures (collateral kills)
  2 centaur zombies
  A water elemental (D:11)
  Eustachio (D:6)
  Duvessa (D:4)
  A sky beast (D:7)
  A necrophage (D:11)
  Blork the orc (D:6)
  A bullfrog (D:11)
  Dowan (D:4)
  A killer bee (D:7)
  A hound (D:5)
  An orc priest (D:6)
  Natasha (twice) (D:3)
  An ooze (D:4)
  4 orcs
  A jackal (D:3)
21 creatures vanquished.

Vanquished Creatures (others)
  2 plants (D:8)
2 creatures vanquished.

Grand Total: 246 creatures vanquished

Notes
Turn   | Place    | Note
-------+----------+-------------------------------------------
     0 | D:1      | galech the Demonspawn Fighter began the quest for the Orb.
     0 | D:1      | Reached XP level 1. HP: 18/18 MP: 1/1
   136 | D:1      | Reached skill level 2 in Axes
   309 | D:1      | Gained mutation: A weak demonic guardian rushes to your
                  | aid. [demonic ancestry]
   309 | D:1      | Reached XP level 2. HP: 24/24 MP: 2/2
   780 | D:2      | Reached XP level 3. HP: 28/29 MP: 3/3
  1343 | D:3      | Noticed Natasha
  1352 | D:3      | Killed Natasha
  1352 | D:3      | Reached XP level 4. HP: 15/36 MP: 4/4
  1616 | D:3      | Found a shattered altar of Ashenzari.
  1714 | D:3      | Found a faded altar of an unknown god.
  2109 | D:3      | Noticed Natasha
  2115 | D:3      | Killed Natasha
  2125 | D:3      | Noticed Natasha
  2134 | D:3      | Killed Natasha
  2134 | D:3      | Reached skill level 3 in Axes
  2240 | D:4      | Noticed Dowan
  2242 | D:4      | Noticed Duvessa
  2253 | D:4      | Killed Duvessa
  2253 | D:4      | Gained mutation: When hurt, damage is shared between your
                  | health and your magic reserves. [demonic ancestry]
  2253 | D:4      | Reached XP level 5. HP: 35/42 MP: 5/5
  2253 | D:4      | Killed Dowan
  2321 | D:4      | Found a runed door.
  2324 | D:4      | Noticed namelastname112's ghost (amateur DrWn)
  2324 | D:4      | Noticed a two-headed ogre
  2547 | D:4      | Gained mutation: You regenerate magic rapidly. [demonic
                  | ancestry]
  2547 | D:4      | Reached XP level 6. HP: 41/48 MP: 4/6
  2575 | D:4      | Noticed Ijyb
  2591 | D:4      | Killed Ijyb
  2591 | D:4      | Reached skill level 4 in Axes
  2855 | D:4      | Found an ancient bone altar of Kikubaaqudgha.
  2862 | D:4      | Found a deep blue altar of Sif Muna.
  2864 | D:4      | Found a radiant altar of Vehumet.
  2993 | D:4      | Identified Vehumet's Guide on Combat Magic
  3209 | D:5      | Entered Level 5 of the Dungeon
  3405 | D:5      | Gained mutation: You are partially covered in icy blue
                  | scales. (AC +2) [demonic ancestry]
  3405 | D:5      | Reached XP level 7. HP: 40/54 MP: 7/7
  3412 | D:5      | Found a glowing drain.
  3445 | Sewer    | Entered a sewer
  4230 | D:5      | Got a twisted robe
  4241 | D:5      | Identified the +2 robe "Guuneodo" {Str+4} (You found it on
                  | level 5 of the Dungeon)
  4366 | D:6      | Found a hide-covered altar of Uskayaw.
  4404 | D:6      | Reached skill level 5 in Axes
  4408 | D:6      | Found Xavole's General Store.
  4413 | D:6      | Bought a scroll of magic mapping for 52 gold pieces
  4424 | D:6      | Found Zeriam's Antique Weapon Emporium.
  4429 | D:6      | Noticed Eustachio
  4632 | D:6      | Killed Eustachio
  4823 | D:6      | Found a staircase to the Ecumenical Temple.
  4833 | Temple   | Entered the Ecumenical Temple
  4842 | Temple   | Became a worshipper of Warmaster Okawaru
  5006 | D:6      | Reached skill level 6 in Axes
  5006 | D:6      | Reached skill level 1 in Dodging
  5006 | D:6      | Reached XP level 8. HP: 33/61 MP: 3/8
  5187 | D:6      | Found Hotumn's Antique Weapon Shoppe.
  5190 | D:6      | Bought a glowing war axe for 130 gold pieces
  5220 | D:6      | Found Gatotato's Food Shoppe.
  5365 | D:6      | Found Kungabe's General Store.
  5374 | D:6      | Bought a scroll of blinking for 75 gold pieces
  5391 | D:6      | Noticed Blork the orc
  5397 | D:6      | Killed Blork the orc
  5403 | D:6      | Reached skill level 5 in Fighting
  5514 | D:6      | Found a shadowy altar of Dithmenos.
  5514 | D:6      | Found a bloodstained altar of Trog.
  5540 | D:6      | Reached * piety under Okawaru
  5559 | D:6      | Reached skill level 7 in Axes
  6165 | D:7      | Reached skill level 1 in Stealth
  6168 | D:7      | Reached XP level 9. HP: 66/69 MP: 7/9
  6187 | D:7      | Noticed Joseph
  6312 | D:7      | Reached skill level 8 in Axes
  6374 | D:7      | Found a glowing silver altar of Zin.
  6431 | D:7      | Reached ** piety under Okawaru
  6444 | D:7      | Reached skill level 5 in Shields
  6572 | D:7      | Killed Joseph
  6753 | D:8      | Found a blossoming altar of Fedhas.
  6878 | D:8      | You fall through a shaft for 3 floors!
  6891 | D:10     | Entered Level 10 of the Dungeon
  6898 | D:10     | Noticed a two-headed ogre
  6912 | D:10     | Killed a two-headed ogre
  6912 | D:10     | Reached skill level 9 in Axes
  7139 | D:10     | Reached *** piety under Okawaru
  7161 | D:10     | Gained mutation: You are mostly covered in icy blue scales.
                  | (AC +3) [demonic ancestry]
  7161 | D:10     | Reached XP level 10. HP: 74/77 MP: 10/10
  7406 | D:10     | Noticed a gargoyle
  7425 | D:10     | Killed a gargoyle
  7425 | D:10     | Reached **** piety under Okawaru
  7425 | D:10     | Reached skill level 10 in Axes
  7425 | D:10     | Reached skill level 5 in Armour
  7669 | D:10     | Reached skill level 1 in Invocations
  7982 | D:8      | Found a staircase to the Lair.
  8613 | D:8      | Reached skill level 11 in Axes
  8763 | D:4      | Killed a two-headed ogre
  8763 | D:4      | Reached ***** piety under Okawaru
  8768 | D:4      | Killed namelastname112's ghost
  8967 | D:9      | Reached XP level 11. HP: 79/84 MP: 11/11
  9062 | D:9      | Found Rice's Armour Shoppe.
  9138 | D:9      | Found a basalt altar of Yredelemnul.
  9408 | D:9      | Found a runed door.
  9413 | D:9      | Noticed TheNamelessOne's ghost (novice SpCj)
  9988 | D:11     | Found a staircase to the Orcish Mines.
 10926 | D:11     | HP: 4/84 [manticore (15)]
 10926 | D:11     | Slain by a manticore

Vault maps used:
D:1:      dpeg_arrival_arbitrary_b, minmay_misc_feat_five,
          minmay_split_cup_large
D:3:      evilmike_ruin_ashenzari, chequers_ecumenical_altar_simple,
          first_ration, minmay_strange_pillars, uniq_natasha
D:4:      grunt_temple_overflow_magic_moments, ebering_ghost_inner_flame,
          uniq_ijyb, uniq_duvessa
D:5:      cheibrodos_sewer_entry_sluice, serial_park_tiny_1
D:6:      lemuel_crystal_altar, gammafunk_temple_overflow_statue,
          minmay_temple_entry_junction_2, serial_shops, shop, shop,
          kennysheep_mini, shop, nicolae_shop_statue_plus, uniq_eustachio,
          uniq_blork_the_orc
D:7:      zin_treasury, uniq_joseph
D:8:      fedhas_altar_decomposition, lair_entry_dummy, grunt_livestock
D:9:      serial_shops, shop, ebering_ghost_inner_flame,
          minmay_misc_feat_plants, lemuel_statue_altar
D:11:     minmay_the_grid_triangle_9x9_recursive_2
Temple:   cyrus_circular_temple
Sewer:    sewer_co_cracked_pipes

Skill      XL: |  1  2  3  4  5  6  7  8  9 10 11 |
---------------+----------------------------------+-----
Axes           | 2 3 4 6 7 9 11 | 11.4
Armour         | 3 4 5 |  5.5
Shields        | 3 4 5 6 |  6.1
Fighting       | 4 5 6 7 |  7.3
Dodging        | 1 2 3 4 |  4.5
Stealth        | 1 2 3 |  3.9
Invocations    | 1 |  1.2

Action                   |  1- 3 |  4- 6 |  7- 9 | 10-12 || total
-------------------------+-------+-------+-------+-------++-------
Melee: War axe           |   116 |   142 |   332 |   252 ||   842
       Hand axe          |       |       |       |    90 ||    90
Invok: Heroism           |       |       |     2 |     5 ||     7
  Use: Scroll            |       |     5 |     2 |       ||     7
       Potion            |       |     1 |       |       ||     1
 Stab: Distracted        |       |     1 |     1 |     4 ||     6
       Sleeping          |       |       |     2 |     3 ||     5
  Eat: Chunk             |     2 |     4 |    10 |     7 ||    23
       Ration            |       |     1 |       |     2 ||     3
Armor: Scale mail        |    26 |       |       |       ||    26
       Plate armour      |    49 |   104 |   106 |       ||   259
       Robe              |       |       |    38 |       ||    38
       Ring mail         |       |       |    19 |    71 ||    90
Dodge: Dodged            |    34 |    16 |   136 |   138 ||   324
Block: Shield            |    62 |    47 |       |       ||   109
       Buckler           |       |    28 |   130 |    91 ||   249

Table legend:
 A = Non-vault XP
 B = Vault XP
 C = Vault XP percentage of total XP
 D = Non-vault monster count
 E = Vault monster count
 F = Vault count percentage of total count
                 A         B        C        D         E       F
            +---------+---------+-------+---------+---------+-------
      Total |    9498 |    3637 |  27.7 |     186 |      50 |  21.2
            +---------+---------+-------+---------+---------+-------
        D:1 |      18 |       7 |  28.0 |       9 |       4 |  30.8
        D:2 |      47 |       0 |   0.0 |       9 |       0 |   0.0
        D:3 |      85 |      32 |  27.4 |      13 |       1 |   7.1
        D:4 |      90 |    1327 |  93.6 |       5 |       5 |  50.0
        D:5 |     367 |      17 |   4.4 |      15 |       3 |  16.7
        D:6 |    1215 |     249 |  17.0 |      35 |       2 |   5.4
        D:7 |     910 |     466 |  33.9 |      24 |       1 |   4.0
        D:8 |    1561 |    1469 |  48.5 |      16 |      14 |  46.7
        D:9 |    1102 |       0 |   0.0 |      23 |       0 |   0.0
       D:10 |    2694 |       0 |   0.0 |      22 |       0 |   0.0
       D:11 |    1409 |       0 |   0.0 |      15 |       0 |   0.0
      Sewer |       0 |      70 | 100.0 |       0 |      20 | 100.0
            +---------+---------+-------+---------+---------+-------
